 Dungeon Crawl Stone Soup version 0.22-a0-247-gbddf880 (webtiles) character file.

2580 Amnesiac the Covered (level 9, 0/81 HPs)
             Began as a Deep Dwarf Fighter on Feb 23, 2018.
             Was an Initiate of Makhleb.
             Slain by an orc warrior
             ... wielding a +0 scimitar
              (17 damage)
             ... on level 7 of the Dungeon.
             The game lasted 00:11:00 (4286 turns).

Amnesiac the Covered (Deep Dwarf Fighter)           Turns: 4286, Time: 00:11:00

Health: 0/81       AC: 16    Str: 22    XL:     9   Next: 32%
Magic:  6/6        EV:  9    Int: 10    God:    Makhleb [......]
Gold:   157        SH: 11    Dex: 12    Spells: 8/8 levels left

rFire    . . .     SeeInvis +   a - +0 war axe
rCold    . . .     Gourm    .   c - +0 shield
rNeg     . . .     Faith    .   z - +0 chain mail
rPois    .         Spirit   .   b - +0 helmet
rElec    .         Reflect  .   p - scarf {cloud immunity}
rCorr    .         Harm     .   u - +2 pair of gloves
MR       ++...                  q - +0 pair of boots
Stlth    ..........             (no amulet)
HPRegen  0.00/turn              o - ring of protection from magic
MPRegen  0.10/turn              h - ring of see invisible

@: non-regenerating
A: damage resistance, heal wounds, sense surroundings 2, no regeneration
a: Heal Wounds, Renounce Religion


You were on level 7 of the Dungeon.
You worshipped Makhleb.
Makhleb was noncommittal.
You were not hungry.

You visited 1 branch of the dungeon, and saw 7 of its levels.
You also visited: Sewer.

You collected 206 gold pieces.
You spent 49 gold pieces at shops.

Inventory:

Hand Weapons
 a - a +0 war axe (weapon)
 x - a +0 mace of protection
Missiles
 k - 145 stones (quivered)
 m - 8 needles of sleeping
 C - 10 poisoned needles
Armour
 b - a +0 helmet (worn)
 c - a +0 shield (worn)
 p - a scarf of cloud immunity (worn)
 q - a +0 pair of boots (worn)
 u - a +2 pair of gloves (worn)
 z - a +0 chain mail (worn)
Jewellery
 h - a ring of see invisible (right hand)
 l - an uncursed ring of ice
 o - a ring of protection from magic (left hand)
Wands
 e - a wand of disintegration (13)
 D - a wand of flame (11)
Scrolls
 g - 5 scrolls of remove curse {!r}
 j - 2 scrolls of enchant armour {!r}
 n - 9 scrolls of teleportation {!r, unknown}
 r - 2 scrolls of fog {!r}
 s - a scroll of amnesia {!r}
 v - 3 scrolls of random uselessness {!r}
 w - 3 scrolls of blinking {!r}
 y - a scroll of magic mapping {!r}
Potions
 d - 2 potions of might {!q}
 t - a potion of magic {!q}
 F - a potion of flight {!q}
Comestibles
 f - 13 rations
 i - 6 chunks of flesh


   Skills:
 + Level 5.5 Fighting
 + Level 6.8 Axes
 + Level 6.8 Armour
 + Level 6.8 Dodging
 + Level 6.7 Shields


You had 8 spell levels left.
You didn't know any spells.

Dungeon Overview and Level Annotations

Branches:
Dungeon (8/15)               Lair (0/6) D:8
 Temple: D:4-7

Altars:
Gozag
Kikubaaqudgha
Makhleb
Nemelex Xobeh
Trog
The Shining One

Shops:
D:8 [


Innate Abilities, Weirdness & Mutations

You are resistant to damage.
You can heal yourself by infusing magical energy.
You passively map the area around you.
You do not regenerate.


Message History

You kill the orc!
Makhleb accepts your kill.
The hound zombie bites you but does no damage.
The hound zombie barely misses you.
The orc warrior hits you with a scimitar!
* * * LOW HITPOINT WARNING * * *
You completely miss the orc warrior. You hit the hound zombie.
You block the hound zombie's attack.
The hound zombie bites you but does no damage.
The orc warrior hits you with a scimitar.
Your shield and chain mail prevent you from hitting the orc priest.
You closely miss the hound zombie.
You hit the orc warrior but do no damage.
You block the hound zombie's attack. The orc priest closely misses you.
You block the orc warrior's attack.
You hit the orc priest but do no damage.
You slash the hound zombie!
You destroy the hound zombie!
Makhleb accepts your kill.
You closely miss the orc warrior.
The orc priest hits you with a short sword.
You block the orc warrior's attack.
An orc warrior comes into view. It is wielding a long sword.
The orc warrior shouts!
You slash the orc priest!
The orc priest is severely wounded.
Your chain mail prevents you from hitting the orc warrior.
You block the orc priest's attack.
The orc warrior hits you with a scimitar.
You barely miss the orc priest.
The orc priest is severely wounded.
You barely miss the orc warrior. You block the orc priest's attack.
The orc warrior hits you but does no damage.
The orc priest begins to cast a cantrip, but forgets the words!
Your shield and chain mail prevent you from hitting the orc priest.
The orc priest is severely wounded.
You closely miss the orc warrior.
The orc priest mumbles some strange prayers to Beogh against you.
You resist with almost no effort. You block the orc warrior's attack.
You hit the orc priest but do no damage.
The orc priest is severely wounded.
You closely miss the orc warrior. x2; The orc priest barely misses you.
You block the orc warrior's attack.
The orc warrior hits you but does no damage.
You barely miss the orc priest.
The orc priest is severely wounded.
You hit the orc warrior but do no damage. x2
You block the orc priest's attack. You block the orc warrior's attack. x2
An orc comes into view. It is wielding a falchion.
The orc shouts!
You closely miss the orc priest.
The orc priest is severely wounded.
You hit the orc warrior but do no damage.
You block the orc warrior's attack.
The orc priest invokes the aid of Beogh against you.
Beogh smites you!
* * * LOW HITPOINT WARNING * * *
The orc priest hits you with a short sword.
You hear a shout!
You hit the orc priest but do no damage.
The orc priest is severely wounded.
You closely miss the orc warrior. x2
The orc warrior hits you with a scimitar!!
You die...

######## ,
......# * * *
#....# , , ,
#....# * * **
*#####.@..##*,
, , , ,
......ooo.># *
* , ,
.....#.o...# ,
, .###,#.....#
, ,, #.....#
,* ,,
,,.......# , *
*,*,
**#.#####.# ,
,, , ,... ,
... , , , .# ,
..## , ,


You could see 2 orc warriors, an orc priest and an orc.

Vanquished Creatures
  A two-headed ogre (D:5)
  A hippogriff (D:3)
  Menkaure (D:4)
  A sky beast (D:8)
  A centaur (D:8)
  2 ogres
  A bullfrog (D:8)
  A water moccasin zombie (D:5)
  4 scorpions
  A vampire bat (D:2)
  A howler monkey (D:5)
  2 crimson imps (D:5)
  2 hounds
  3 orc priests (D:4)
  A jelly (D:5)
  5 orc wizards (D:4)
  2 centaur skeletons
  2 bullfrog skeletons
  A gnoll shaman (D:4)
  Jessica (D:4)
  3 worker ants
  A hound zombie (D:7)
  3 gnolls (D:4)
  7 adders
  5 river rats (Sewer)
  2 adder skeletons (D:4)
  A dart slug (D:3)
  2 leopard geckos
  11 orcs
  8 bats
  4 bat skeletons (D:2)
  2 bat zombies (D:2)
  4 giant cockroaches
  2 hobgoblins
  9 jackals
  3 quokkas
  8 ball pythons
  6 frilled lizards
  8 goblins
  10 kobolds
  A leopard gecko skeleton (D:4)
  A leopard gecko zombie (D:5)
  A quokka zombie (D:5)
  21 rats
157 creatures vanquished.

Notes
Turn   | Place    | Note
-------+----------+-------------------------------------------
     0 | D:1      | Amnesiac the Deep Dwarf Fighter began the quest for the Orb.
     0 | D:1      | Reached XP level 1. HP: 20/20 MP: 1/1
    40 | D:1      | Reached skill level 1 in Dodging
   148 | D:1      | Reached XP level 2. HP: 24/27 MP: 2/2
   680 | D:2      | Found a bloodstained altar of Trog.
   730 | D:2      | Found an ancient bone altar of Kikubaaqudgha.
   731 | D:2      | Noticed a vampire bat
   742 | D:2      | Killed a vampire bat
   742 | D:2      | Reached XP level 3. HP: 27/33 MP: 3/3
   829 | D:2      | Reached XP level 4. HP: 31/40 MP: 4/4
  1327 | D:3      | Noticed an ogre
  1344 | D:3      | Killed an ogre
  1344 | D:3      | Reached XP level 5. HP: 4/49 MP: 4/4
  1604 | D:3      | Found an opulent altar of Gozag.
  2122 | D:4      | Found a glowing drain.
  2177 | D:4      | Noticed a hippogriff
  2196 | D:3      | Killed a hippogriff
  2196 | D:3      | Reached skill level 5 in Axes
  2196 | D:3      | Reached XP level 6. HP: 13/56 MP: 5/5
  2240 | Sewer    | Entered a sewer
  2599 | Sewer    | Reached XP level 7. HP: 28/62 MP: 6/6
  2762 | D:4      | Found a sparkling altar of Nemelex Xobeh.
  2762 | D:4      | Noticed Jessica
  2772 | D:4      | Killed Jessica
  3035 | D:4      | HP: 2/63 [hound (4)]
  3121 | D:4      | Noticed Menkaure
  3123 | D:4      | Killed Menkaure
  3123 | D:4      | Reached skill level 5 in Armour
  3123 | D:4      | Reached skill level 5 in Dodging
  3123 | D:4      | Reached skill level 5 in Shields
  3123 | D:4      | Reached XP level 8. HP: 39/72 MP: 7/7
  3422 | D:5      | Entered Level 5 of the Dungeon
  3452 | D:5      | Found a glowing golden altar of the Shining One.
  3591 | D:5      | Found a burning altar of Makhleb.
  3601 | D:5      | Became a worshipper of Makhleb the Destroyer
  3750 | D:5      | Noticed a two-headed ogre
  3866 | D:5      | Killed a two-headed ogre
  3866 | D:5      | Reached skill level 5 in Fighting
  3866 | D:5      | Gained mutation: You passively map the area around you. [Deep Dwarf growth]
  3866 | D:5      | Reached XP level 9. HP: 49/81 MP: 7/7
  4036 | D:5      | You fall through a shaft for 3 floors!
  4145 | D:8      | Found Omostruy's Armour Boutique.
  4158 | D:8      | Found a staircase to the Lair.
  4164 | D:8      | Bought a +0 helmet for 49 gold pieces
  4248 | D:8      | Noticed a two-headed ogre
  4286 | D:7      | Slain by an orc warrior

Vault maps used:
D:1:      minmay_arrival_five_plusses
D:2:      kennysheep_vampire_church, bloody_trog
D:3:      nicolae_gozag_seed_capital
D:4:      cheibrodos_sewer_entry_drain, nemelex_lonely_heart_becter,
          uniq_menkaure
D:5:      makhleb_grotto_becter, nicolae_overflow_crystal_walls, first_ration,
          minmay_tree_intersection
D:7:      grunt_temple_overflow_open, minmay_temple_entry_glassed_door,
          uniq_crazy_yiuf_cottage
D:8:      gammafunk_temple_overflow_wave, lair_entry_dummy, serial_shops, shop,
          shop, kennysheep_mini, nicolae_shop_behind_doors, uniq_maurice,
          uniq_grum
Sewer:    sewer_co_cracked_pipes

Skill      XL: |  1  2  3  4  5  6  7  8 |
---------------+-------------------------+-----
Dodging        | 1 4 5 6 |  6.8
Fighting       | 3 4 5 |  5.5
Armour         | 4 5 6 |  6.8
Shields        | 4 5 6 |  6.7
Axes           | 5 6 |  6.8

Action                   |  1- 3 |  4- 6 |  7- 9 || total
-------------------------+-------+-------+-------++-------
Melee: War axe           |    74 |   260 |   345 ||   679
 Abil: Heal Wounds       |       |     5 |     5 ||    10
Evoke: Wand              |       |       |     7 ||     7
  Use: Potion            |       |     4 |     8 ||    12
       Scroll            |       |       |     7 ||     7
  Eat: Chunk             |       |     6 |     7 ||    13
Armor: Scale mail        |    51 |    84 |    74 ||   209
       Skin              |       |    11 |    22 ||    33
       Chain mail        |       |       |    56 ||    56
Dodge: Dodged            |    46 |   106 |   118 ||   270
Block: Shield            |    50 |   149 |   194 ||   393

Table legend:
 A = Spawn XP
 B = Non-spawn XP
 C = Spawn XP percentage of total XP
 D = Spawn monster count
 E = Non-spawn monster count
 F = Spawn count percentage of total count
 G = Total turns spent on level
                    A         B        C        D         E        F      G
               +---------+---------+-------+---------+---------+-------+---------
         Total |       0 |    3687 |   0.0 |       0 |     157 |   0.0 |  4286
               +---------+---------+-------+---------+---------+-------+---------
           D:1 |       0 |      22 |   0.0 |       0 |      17 |   0.0 |   571
           D:2 |       0 |     101 |   0.0 |       0 |      23 |   0.0 |   731
           D:3 |       0 |     414 |   0.0 |       0 |      21 |   0.0 |   834
           D:4 |       0 |    1062 |   0.0 |       0 |      42 |   0.0 |   948
           D:5 |       0 |    1478 |   0.0 |       0 |      17 |   0.0 |   535
           D:7 |       0 |      26 |   0.0 |       0 |       3 |   0.0 |    21
           D:8 |       0 |     483 |   0.0 |       0 |       9 |   0.0 |   229
         Sewer |       0 |     101 |   0.0 |       0 |      25 |   0.0 |   417
               +---------+---------+-------+---------+---------+-------+---------
